 Dungeon Crawl Stone Soup version 0.21.1-1-g345015f (webtiles) character file.

88 tyranidshit the Skirmisher (level 4, -4/37 HPs)
             Began as a Demonspawn Abyssal Knight on July 28, 2018.
             Was a Follower of Lugonu.
             Slain by a sixfirhy (8 damage)
             ... on level 2 of the Abyss.
             The game lasted 00:02:11 (235 turns).

tyranidshit the Skirmisher (DsAK)                    Turns: 235, Time: 00:02:12

Health: -4/37      AC:  3    Str: 13    XL:     4   Next: 30%
Magic:  6/6        EV: 11    Int: 13    God:    Lugonu [*.....]
Gold:   10         SH:  4    Dex: 13    Spells: 3/3 levels left

rFire    . . .     SeeInvis .   a - +1 hand axe
rCold    . . .     Gourm    .   (no shield)
rNeg     . . .     Faith    .   b - +0 leather armour
rPois    .         Spirit   .   (no helmet)
rElec    .         Reflect  .   (no cloak)
rCorr    .         Harm     .   (no gloves)
MR       .....                  (no boots)
Stlth    ++........             (no amulet)
HPRegen  0.12/turn              (no ring)
MPRegen  0.10/turn              (no ring)

@: hasted, very quick
A: talons 1, large bone plates 1
a: Depart the Abyss, Renounce Religion


You were on level 2 of the Abyss.
You worshipped Lugonu.
Lugonu was aware of your devotion.
You were not hungry.

You visited 0 branches of the dungeon, and saw 0 of its levels.
You visited the Abyss 1 time.

You collected 10 gold pieces.

Inventory:

Hand Weapons
 a - a +1 hand axe (weapon)
Armour
 b - a +0 leather armour (worn)
Wands
 d - a wand of paralysis (11)
Comestibles
 c - a ration


   Skills:
 - Level 3.8 Fighting
 - Level 2.4 Axes
 - Level 2.1 Armour
 - Level 0.8 Dodging
 - Level 1.9 Stealth
 - Level 2.6 Invocations
 * Level 0.1 Evocations


You had 3 spell levels left.
You didn't know any spells.

Dungeon Overview and Level Annotations

Branches:
Dungeon (0/15)

Altars:


Innate Abilities, Weirdness & Mutations

You have sharp toenails.
You are partially covered in large bone plates. (SH +4)


Message History

Your toenails lengthen and sharpen.
You have reached level 4!
You feel agile.
The substance of the Abyss twists violently, and a gateway leading out appears!
Unknown command.
Found a green potion.
e - a green potion A demonic crawler comes into view.
It was a potion of haste.
You feel yourself speed up.
Found a flail.
The great orb of eyes turns its gaze towards you.
A small abomination comes into view.
A sixfirhy comes into view.
The sixfirhy barely misses you. The sixfirhy hits you. The sixfirhy shocks you!
* * * LOW HITPOINT WARNING * * *
You block the sixfirhy's attack. The sixfirhy barely misses you.
The sixfirhy hits you!
You die...

.# . .. . #### ...
# #. #..###..#
#.#.# ...#.#..
#..#......##
#...#......# .#
#@.# .#..#.3## .
#..#.### ## #
#..##....# ###...#
#.##.##..# ..
.....§ ##... #..#
.#.
.##..#..#....#.###
#...§§.#...
##...3x.# ..
..#..... #.##.
#..#


You could see a sixfirhy.

Vanquished Creatures
  A sky beast (Abyss:2)
1 creature vanquished.

Notes
Turn   | Place    | Note
-------+----------+-------------------------------------------
     0 | Abyss:1  | tyranidshit the Demonspawn Abyssal Knight began the quest for the Orb.
     0 | Abyss:1  | Reached XP level 1. HP: 18/18 MP: 2/2
   117 | Abyss:2  | Noticed a sky beast
   132 | Abyss:2  | Noticed a large abomination
   159 | Abyss:2  | Killed a sky beast
   159 | Abyss:2  | Reached skill level 1 in Stealth
   159 | Abyss:2  | Gained mutation: You are partially covered in large bone plates. (SH +4) [demonic ancestry]
   159 | Abyss:2  | Reached XP level 2. HP: 6/25 MP: 4/4
   159 | Abyss:2  | Gained mutation: You have sharp toenails. [demonic ancestry]
   159 | Abyss:2  | Reached XP level 3. HP: 7/30 MP: 5/5
   159 | Abyss:2  | Reached XP level 4. HP: 9/37 MP: 6/6
   200 | Abyss:2  | Noticed a demonic crawler
   220 | Abyss:2  | Noticed a great orb of eyes
   222 | Abyss:2  | Noticed a small abomination
   223 | Abyss:2  | Noticed a sixfirhy
   235 | Abyss:2  | Slain by a sixfirhy

Skill      XL: |  1 |
---------------+----+-----
Axes           | 2 |  2.4
Armour         | 2 |  2.1
Stealth        | 1 |  1.9
Fighting       | |  3.8
Dodging        | |  0.8
Invocations    | |  2.6
Evocations     | |  0.1

Action                   |  1- 3 |  4- 6 || total
-------------------------+-------+-------++-------
Melee: Hand axe          |    10 |       ||    10
Evoke: Wand              |     3 |       ||     3
  Use: Potion            |     2 |     1 ||     3
 Stab: Paralysed         |    10 |       ||    10
Armor: Leather armour    |     1 |       ||     1
Dodge: Dodged            |       |     2 ||     2
Block: Other             |       |     1 ||     1
